 Dungeon Crawl Stone Soup version 0.20-a0-550-gf70bbbc (webtiles) character file.

4890 TuxedoFelix the Fighter (level 10, -25/94 HPs)
             Began as a Hill Orc Fighter on Feb 2, 2017.
             Was a Believer of Beogh.
             Annihilated by an enormous slime creature (81 damage)
             ... on level 9 of the Dungeon.
             The game lasted 00:57:43 (10822 turns).

TuxedoFelix the Fighter (Hill Orc Fighter)         Turns: 10822, Time: 00:57:44

Health: -25/94     AC:  9    Str: 33    XL:     10   Next: 51%
Magic:  5/10       EV:  9    Int:  8    God:    Beogh [**....]
Gold:   544        SH: 14    Dex: 10    Spells: 9/9 levels left

rFire    + . .     SeeInvis .   a - +0 trident
rCold    x . .     Gourm    .   D - +2 leather armour "Bothue" {Str+3}
rNeg     . . .     Faith    .   c - +0 shield
rPois    .         Spirit   .   (no helmet)
rElec    .         Reflect  +   V - +1 cloak
rCorr    .         Harm     .   m - +0 pair of gloves
MR       .....                  (no boots)
Stlth    +.........             L - +2 amulet of reflection
Regen    0.3/turn               C - +2 ring of strength
                                y - ring of fire

@: mighty
A: no striking features
a: Smiting, Renounce Religion


You were on level 9 of the Dungeon.
You worshipped Beogh.
Beogh was pleased with you.
You were not hungry.

You visited 1 branch of the dungeon, and saw 9 of its levels.

You collected 544 gold pieces.

Inventory:

Hand Weapons
 a - a +0 trident (weapon)
 p - a +1 flail of holy wrath
Missiles
 J - a throwing net (quivered)
Armour
 b - a +0 scale mail
 c - a +0 shield (worn)
 m - a +0 pair of gloves (worn)
 D - the +2 leather armour "Bothue" (worn) {Str+3}
   (You found it on level 5 of the Dungeon)

   It affects your strength (+3).
 V - a +1 cloak (worn)
Jewellery
 x - an uncursed amulet of the gourmand
 y - a ring of fire (left hand)
 C - a +2 ring of strength (right hand)
 L - a +2 amulet of reflection (around neck)
 O - an uncursed ring of flight
 R - an uncursed amulet of magic regeneration
 S - an uncursed ring of magical power
Wands
 I - a wand of flame (25/48)
 K - a wand of confusion (31/48)
 N - a wand of digging (10/24)
 U - a wand of iceblast (3/15)
Scrolls
 e - 4 scrolls of teleportation
 h - 2 scrolls of magic mapping
 k - 6 scrolls of remove curse
 q - 2 scrolls of fear
 r - a scroll of amnesia
 E - a scroll of silence
 G - a scroll of recharging {unknown}
 H - a scroll of blinking {unknown}
 P - a scroll of enchant weapon {unknown}
 Q - a scroll of fog {unknown}
 W - a scroll of identify
Potions
 d - 4 potions of might
 g - a potion of mutation
 i - 3 potions of lignification
 j - 2 potions of cure mutation
 l - a potion of agility {unknown}
 n - a potion of degeneration {unknown}
 o - a potion of invisibility {unknown}
 s - 6 potions of curing
 u - 2 potions of cancellation
 v - a potion of ambrosia {unknown}
 w - 2 potions of magic
 A - 2 potions of heal wounds
 M - a potion of flight {unknown}
 T - a potion of brilliance {unknown}
Books
 F - a book of Battle

   Spells                             Type                      Level
   a - Infusion                       Charms                       1
   b - Shroud of Golubria             Charms/Translocation         2
   c - Song of Slaying                Charms                       2
   d - Spectral Weapon                Hexes/Charms                 3
   e - Regeneration                   Charms/Necromancy            3
Comestibles
 f - 11 bread rations
 t - 9 fruits
 z - 2 royal jellies
 B - 4 meat rations


   Skills:
 * Level 10.9 Fighting
 * Level 9.9 Polearms
 + Level 7.6 Armour
 - Level 0.1 Dodging
 + Level 7.5 Shields


You had 9 spell levels left.
You didn't know any spells.

Dungeon Overview and Level Annotations

Branches:
Dungeon (9/15)             Temple (0/1) D:7            Lair (0/6) D:8
    Orc: D:9-12

Altars:
Dithmenos
Elyvilon
Hepliaklqana
Kikubaaqudgha
Makhleb
Nemelex Xobeh
Qazlal
Sif Muna
Trog
Uskayaw
Xom
Zin


Message History

Two slime creatures merge to form a very large slime creature.
Two slime creatures merge to form an enormous slime creature.
You puncture the enormous slime creature!
The enormous slime creature is lightly wounded.
You puncture the enormous slime creature!
The enormous slime creature is lightly wounded.
You impale the enormous slime creature!!
The enormous slime creature is moderately wounded.
You block the enormous slime creature's attack.
You puncture the enormous slime creature!
The enormous slime creature is moderately wounded.
The enormous slime creature hits you!!
You puncture the enormous slime creature!
The enormous slime creature is moderately wounded.
You block the enormous slime creature's attack.
You puncture the enormous slime creature!
The enormous slime creature is moderately wounded.
The enormous slime creature hits you!!!!
Ouch! That really hurt!
You die...

## ### ##.# ## #.###@# .
##.#.J## ## ##....## #..
###.....# ##.# ##.......####
##..#
#...........#########...###
..........................##
.......##...................
....### ##..................


You could see an enormous slime creature.

Vanquished Creatures
  A manticore (D:8)
  A komodo dragon (D:8)
  A hippogriff (D:7)
  A dream sheep (D:7)
  A wyvern (D:9)
  A spriggan (D:7)
  A hungry ghost (D:7)
  2 orc warriors
  2 sky beasts
  3 phantoms
  3 ogres
  3 centaurs
  3 big kobolds
  A wyvern zombie (D:8)
  8 bullfrogs
  A scorpion (D:3)
  A vampire bat (D:7)
  2 crimson imps
  A centaur zombie (D:9)
  3 quasits
  2 jellies
  10 orc wizards
  A bullfrog skeleton (D:7)
  4 orc priests
  2 hounds
  Ijyb (D:2)
  Terence (D:3)
  A centaur skeleton (D:4)
  2 iguanas
  9 worker ants
  2 hound skeletons
  13 adders
  7 gnolls
  2 shadow imps
  2 oozes
  An adder zombie (D:8)
  2 adder skeletons
  3 worms
  2 dart slugs (D:2)
  6 leopard geckos
  26 orcs
  7 bats
  4 bat skeletons (D:7)
  2 bat zombies (D:7)
  5 giant cockroaches
  9 goblins
  8 hobgoblins
  5 jackals
  23 kobolds
  3 quokkas
  2 ball pythons
  8 frilled lizards
  12 rats
227 creatures vanquished.

Vanquished Creatures (others)
  4 dream sheep (D:7)
  An orc priest (D:4)
  An orc wizard (D:4)
  A worker ant (D:4)
  4 orcs
  A quokka (D:4)
  A kobold (D:7)
  A plant (D:8)
14 creatures vanquished.

Grand Total: 241 creatures vanquished

Notes
Turn   | Place    | Note
-------+----------+-------------------------------------------
     0 | D:1      | TuxedoFelix the Hill Orc Fighter began the quest for the Orb.
     0 | D:1      | Reached XP level 1. HP: 19/19 MP: 1/1
   193 | D:1      | Reached XP level 2. HP: 23/26 MP: 2/2
   646 | D:2      | Reached XP level 3. HP: 29/33 MP: 3/3
   763 | D:2      | Reached skill level 4 in Fighting
   955 | D:2      | Reached XP level 4. HP: 22/40 MP: 4/4
  1039 | D:2      | Found a hide-covered altar of Uskayaw.
  1219 | D:2      | Found a burning altar of Makhleb.
  1640 | D:2      | Noticed Ijyb
  1667 | D:2      | Killed Ijyb
  1667 | D:2      | Reached XP level 5. HP: 46/47 MP: 5/5
  1997 | D:3      | Found a glowing silver altar of Zin.
  2057 | D:3      | Reached skill level 5 in Fighting
  2502 | D:3      | Noticed Terence
  2513 | D:3      | Killed Terence
  2513 | D:3      | Reached XP level 6. HP: 52/56 MP: 6/6
  3004 | D:4      | Became a worshipper of Beogh the Brigand
  3506 | D:4      | Reached skill level 6 in Fighting
  3524 | D:4      | Reached XP level 7. HP: 62/63 MP: 7/7
  4030 | D:5      | Entered Level 5 of the Dungeon
  4036 | D:5      | Reached skill level 5 in Polearms
  4082 | D:5      | Got a blackened leather armour
  4093 | D:5      | Identified the +2 leather armour "Bothue" {Str+3} (You found it on level 5 of the Dungeon)
  4150 | D:5      | Reached skill level 5 in Armour
  4486 | D:5      | Found a deep blue altar of Sif Muna.
  4757 | D:5      | Found a hazy altar of Hepliaklqana.
  4841 | D:5      | Found a sparkling altar of Nemelex Xobeh.
  4941 | D:5      | Reached skill level 7 in Fighting
  4996 | D:5      | Reached skill level 5 in Shields
  5062 | D:6      | Reached XP level 8. HP: 55/73 MP: 8/8
  6511 | D:7      | Reached * piety under Beogh
  6511 | D:7      | Reached skill level 8 in Fighting
  6855 | D:7      | Reached XP level 9. HP: 68/82 MP: 9/9
  7053 | D:7      | Reached ** piety under Beogh
  7053 | D:7      | Reached skill level 9 in Fighting
  7276 | D:7      | Found a staircase to the Ecumenical Temple.
  7302 | D:7      | Found a shimmering altar of Xom.
  8097 | D:7      | Found an ancient bone altar of Kikubaaqudgha.
  8347 | D:8      | Found a white marble altar of Elyvilon.
  8347 | D:8      | Found a bloodstained altar of Trog.
  8437 | D:8      | Found a shadowy altar of Dithmenos.
  8465 | D:8      | Reached skill level 10 in Fighting
  8709 | D:8      | Reached XP level 10. HP: 61/93 MP: 10/10
  8775 | D:8      | Noticed a manticore
  8786 | D:8      | Killed a manticore
  9472 | D:8      | Found a stormy altar of Qazlal.
  9500 | D:8      | Found a staircase to the Lair.
 10822 | D:9      | Annihilated by an enormous slime creature

Vault maps used:
D:1:      dpeg_arrival_rhombi
D:2:      kennysheep_goblin_castle, eat_drink_and_be_merry_uskayaw,
          nicolae_overflow_hidden_temple, first_bread, grunt_ministairs_2,
          minmay_split_cup_large
D:3:      zin_statuary, uniq_terence
D:5:      kennysheep_mini, kennysheep_mini_moat, lemuel_doored_altar
D:6:      cheibrodos_quashed, glass_columns_c
D:7:      kb_xom_exploding_sheep, kennysheep_vampire_church,
          minmay_temple_entry_mist, minivault_26, the_bakery
D:8:      lemuel_crystal_altar, grunt_temple_overflow_open,
          lemuel_crystal_altar, david_lair_shrubbed, st_stairs_5
D:9:      roderic_lattice_a

Skill      XL: |  1  2  3  4  5  6  7  8  9 10 |
---------------+-------------------------------+-----
Fighting       | 4 5 6 7 8 10 | 10.9
Polearms       | 3 4 5 7 8 9 |  9.9
Armour         | 4 5 6 7 |  7.6
Shields        | 4 5 6 7 |  7.5
Dodging        | |  0.1

Action                   |  1- 3 |  4- 6 |  7- 9 | 10-12 || total
-------------------------+-------+-------+-------+-------++-------
Melee: Trident           |   120 |   302 |   505 |   127 ||  1054
Invok: Convert to Beogh  |       |     1 |       |       ||     1
       Smiting           |       |       |     1 |     8 ||     9
Evoke: Wand              |       |       |     2 |       ||     2
  Use: Scroll            |       |    10 |     4 |     3 ||    17
       Potion            |       |     2 |     4 |     2 ||     8
  Eat: Chunk             |       |    22 |     4 |       ||    26
       Royal jelly       |       |       |     2 |     1 ||     3
       Bread ration      |       |       |     1 |       ||     1
       Meat ration       |       |       |       |     1 ||     1
Armor: Scale mail        |    58 |   148 |     9 |       ||   215
       Leather armour    |       |       |   137 |    24 ||   161
Dodge: Dodged            |    39 |    93 |   163 |    40 ||   335
Block: Shield            |    70 |   199 |   364 |    90 ||   723
       Reflection        |       |       |    10 |       ||    10
